 Dungeon Crawl Stone Soup version 0.21.1-1-g345015f (webtiles) character file.

294 vatarom the Bolt Thrower (level 6, 0/51 HPs)
             Began as a Formicid Hunter on May 4, 2018.
             Slain by Grinder (4 damage)
             ... on level 3 of the Dungeon.
             The game lasted 00:04:25 (1713 turns).

vatarom the Bolt Thrower (Formicid Hunter)          Turns: 1713, Time: 00:04:26

Health: 0/51       AC:  3    Str: 18    XL:     6   Next: 60%
Magic:  6/6        EV: 12    Int: 11    God:
Gold:   126        SH:  0    Dex: 11    Spells: 5/5 levels left

rFire    + . .     SeeInvis +   a - +1 hand crossbow
rCold    x . .     Gourm    +   (no shield)
rNeg     . . .     Faith    .   c - +0 leather armour
rPois    +         Spirit   .   (helmet unavailable)
rElec    .         Reflect  .   (no cloak)
rCorr    .         Harm     .   (no gloves)
MR       .....                  (no boots)
Stlth    +.........             k - amulet of the gourmand
HPRegen  0.17/turn              i - ring of fire
MPRegen  0.10/turn              n - ring of poison resistance

@: no status effects
A: permanent stasis, dig shafts and tunnels, four strong arms, antennae 3
a: Dig, Shaft Self


You were on level 3 of the Dungeon.
You were completely stuffed.

You visited 1 branch of the dungeon, and saw 3 of its levels.

You collected 126 gold pieces.

Inventory:

Hand Weapons
 a - a +1 hand crossbow (weapon)
 b - a +0 short sword
Missiles
 d - 8 bolts (quivered)
Armour
 c - a +0 leather armour (worn)
Jewellery
 i - a ring of fire (left hand)
 k - an amulet of the gourmand (around neck)
 n - a ring of poison resistance (right hand)
Scrolls
 e - a scroll of remove curse
 h - a scroll of amnesia
 l - a scroll of teleportation
Comestibles
 f - 5 rations


   Skills:
 + Level 5.2 Fighting
 + Level 5.9 Crossbows
 - Level 1.7 Dodging
 - Level 1.2 Stealth


You had 5 spell levels left.
You didn't know any spells.

Dungeon Overview and Level Annotations

Branches:
Dungeon (3/15)

Altars:
Xom

Annotations:
D:3 Grinder


Innate Abilities, Weirdness & Mutations

You cannot be hasted, slowed, berserked, paralysed or teleported.
You can dig through walls and to a lower floor.
Your four strong arms can wield two-handed weapons with a shield.
You have a pair of large antennae on your head. (SInv)


Message History

You shoot a bolt. The bolt hits the bullfrog!
You kill the bullfrog!
Your Fighting skill increases to level 5!
Firing (i - inventory):
d - 11 bolts (quivered)
Press: ? - help, Shift-Dir - straight line, f - Grinder
Aim: Grinder (heavily wounded)
You shoot a bolt. The bolt hits Grinder!
Grinder is severely wounded.
Firing (i - inventory):
d - 10 bolts (quivered)
Press: ? - help, Shift-Dir - straight line, f/p - Grinder
Aim: Grinder (severely wounded)
You shoot a bolt. The bolt hits Grinder!
Grinder is almost dead.
Firing (i - inventory):
d - 9 bolts (quivered)
Press: ? - help, Shift-Dir - straight line, f/p - Grinder
Aim: Grinder (almost dead)
You shoot a bolt. The bolt barely misses Grinder.
Grinder hits you.
* * * LOW HITPOINT WARNING * * *
You writhe in agony.
You die...

#.. ##. ......
..#.. #.#.#+#
#.#.#.## #...#..
#.#####..#.# ####
#........#@# ....
.#####.##5# .....
#<.##(#..#... .
#..##(#......
##.#...#........
......#.#.#####..
....##...(.......
.....
#...(####### ....
#..(........


You could see Grinder.

Vanquished Creatures
  A bullfrog (D:3)
  A gnoll sergeant (D:2)
  2 orc priests (D:2)
  2 adders
  4 gnolls (D:2)
  A worm (D:2)
  A dart slug (D:1)
  4 leopard geckos
  3 orcs (D:2)
  A bat (D:2)
  2 giant cockroaches (D:1)
  5 goblins
  7 hobgoblins
  5 kobolds
  A quokka (D:2)
  5 frilled lizards
  5 rats (D:1)
50 creatures vanquished.

Notes
Turn   | Place    | Note
-------+----------+-------------------------------------------
     0 | D:1      | vatarom the Formicid Hunter began the quest for the Orb.
     0 | D:1      | Reached XP level 1. HP: 16/16 MP: 1/1
    81 | D:1      | Reached XP level 2. HP: 3/23 MP: 2/2
   539 | D:1      | Reached XP level 3. HP: 22/28 MP: 3/3
   845 | D:2      | Found a shimmering altar of Xom.
   973 | D:2      | Reached XP level 4. HP: 28/35 MP: 4/4
   979 | D:2      | Noticed a gnoll sergeant
  1001 | D:2      | Killed a gnoll sergeant
  1001 | D:2      | Reached skill level 5 in Crossbows
  1001 | D:2      | Reached XP level 5. HP: 23/42 MP: 5/5
  1439 | D:2      | Reached XP level 6. HP: 49/49 MP: 6/6
  1694 | D:3      | Noticed Grinder
  1710 | D:3      | Reached skill level 5 in Fighting
  1713 | D:3      | Slain by Grinder

Skill      XL: |  1  2  3  4  5  6 |
---------------+-------------------+-----
Fighting       | 3 4 5 |  5.2
Crossbows      | 5 |  5.9
Dodging        | |  1.7
Stealth        | |  1.2

Action                   |  1- 3 |  4- 6 || total
-------------------------+-------+-------++-------
Melee: Short sword       |    44 |    14 ||    58
 Fire: Hand crossbow     |    43 |    66 ||   109
Throw: Throwing net      |       |     1 ||     1
  Use: Scroll            |       |     4 ||     4
       Potion            |       |     2 ||     2
 Stab: Sleeping          |     1 |       ||     1
  Eat: Chunk             |     2 |     7 ||     9
       Ration            |       |     1 ||     1
Armor: Leather armour    |    10 |     6 ||    16
       Skin              |       |    36 ||    36
Dodge: Dodged            |    31 |    35 ||    66
